 Dungeon Crawl Stone Soup version 0.27-a0-1325-g58a489ad9e (webtiles) character file.

Game seed: 8566867105140613862

157832 ziltoidlt the Grappler (level 17, -2/140 HPs)
             Began as an Octopode Transmuter on June 24, 2021.
             Was the Champion of Dithmenos.
             Killed from afar by a will-o-the-wisp (49 damage)
             ... with a foxfire
             ... on level 1 of the Swamp on June 28, 2021.
             The game lasted 03:14:21 (42807 turns).

ziltoidlt the Grappler (Octopode Transmuter)       Turns: 42807, Time: 03:14:22

Health: -2/140     AC: 16    Str: 14    XL:     17   Next: 40%
Magic:  0/25       EV: 22    Int: 26    God:    Dithmenos [******]
Gold:   2057       SH:  0    Dex: 18    Spells: 1/24 levels left

rFire    x . .     SeeInvis .     - Unarmed
rCold    + + +     Faith    .   (shield currently unavailable)
rNeg     . . .     Spirit   +   (helmet currently unavailable)
rPois    +         Reflect  .   y - amulet of guardian spirit
rElec    .         Harm     .   d - +6 ring of intelligence
rCorr    +         Rampage  .   (no ring)
Will     +....                  u - +6 ring of dexterity
Stlth    +++++++...             Y - ring of resist corrosion
HPRegen  0.33/turn              V - +4 ring of evasion
MPRegen  0.19/turn              (no ring)
                                (no ring)
                                (no ring)

@: ice-form (expiring), wreathed by umbra, studying 2 skills
A: freezing attack, boosted hp, almost no armour, amphibious, 8 rings, large,
(camouflage 1), (gelatinous body 1), (nimble swimmer 1), (tentacles), clever 1,
(poison resistance)
}: 1/15 runes: gossamer
a: End Transformation, Renounce Religion, Shadow Step, Shadow Form


You were on level 1 of the Swamp.
You worshipped Dithmenos.
Dithmenos was exalted by your worship.
You were a creature of crystalline ice.
You visited 4 branches of the dungeon, and saw 24 of its levels.

You collected 2057 gold pieces.

Inventory:

Hand Weapons
 a - the +7 hunting sling of the Ancients {vorpal, rElec rC- Dex+5 Stlth+}
   (You found it on level 12 of the Dungeon)

   Any stone fired from it inflicts extra damage.
   It affects your dexterity (+5).
   It makes you vulnerable to cold.
   It insulates you from electricity.
   It makes you more stealthy.
Missiles
 c - 3 atropa-tipped darts
 h - 583 stones
 l - a curare-tipped dart
 p - 79 poisoned darts
 D - 148 sling bullets
Armour
 f - a +2 hat (melded)
 M - a +3 buckler (melded)
Magical Staves
 b - a staff of cold (melded)
 e - a staff of earth
Jewellery
 d - a +6 ring of intelligence (left front paw)
 o - a ring of ice
 u - a +6 ring of dexterity (on tentacle)
 y - an amulet of guardian spirit (around neck)
 V - a +4 ring of evasion (on tentacle)
 Y - a ring of resist corrosion (on tentacle)
Wands
 z - a wand of charming (12)
 A - a wand of acid (22)
 B - a wand of polymorph (33)
 E - a wand of iceblast (26)
 G - a wand of paralysis (17)
 I - a wand of flame (42)
Scrolls
 g - 13 scrolls of teleportation
 i - 4 scrolls of magic mapping
 w - 2 scrolls of fog
 x - a scroll of amnesia
 J - 2 scrolls of fear
 K - 7 scrolls of identify
 L - 3 scrolls of immolation
 N - 3 scrolls of vulnerability
 R - a scroll of torment
 S - a scroll of holy word
 T - 2 scrolls of enchant weapon
 W - 4 scrolls of enchant armour
 Z - 4 scrolls of blinking
Potions
 j - 2 potions of invisibility
 k - 2 potions of berserk rage
 n - 5 potions of heal wounds
 q - 3 potions of haste
 r - 4 potions of curing
 s - 4 potions of cancellation
 t - 2 potions of brilliance
 v - 7 potions of lignification
 C - 2 potions of flight
 F - 9 potions of attraction
 H - 5 potions of ambrosia
 O - 4 potions of magic
 P - a potion of might
Miscellaneous
 m - a phantom mirror
 X - a tin of tremorstones (2/2)


   Skills:
 + Level 11.1 Fighting
 - Level 0.3 Slings
 + Level 14.5 Dodging
 - Level 7.9 Stealth
 - Level 4.0 Shields
 * Level 14.9 Unarmed Combat
 - Level 4.0 Spellcasting
 * Level 7.3 Translocations
 - Level 13.9 Transmutations
 - Level 7.0 Ice Magic
 - Level 10.0 Poison Magic
 + Level 11.6 Invocations


You had one spell level left.
You knew the following spells:

 Your Spells              Type           Power      Damage    Failure   Level
a - Manifold Assault      Tloc           43%        N/A       12%         5
b - Wereblood             Tmut           67%        N/A       1%          2
c - Ice Form              Ice/Tmut       56%        N/A       1%          4
d - Spider Form           Tmut/Pois      30%        N/A       1%          3
e - Ignite Poison         Fire/Tmut/Pois 46%        N/A       1%          3
f - Olgreb's Toxic Radia  Pois           55%        N/A       1%          4
A - Blink                 Tloc           N/A        N/A       1%          2

Your spell library contained the following spells:

 Spells                   Type           Power      Damage    Failure   Level
 Beastly Appendage        Tmut           100%       N/A       1%          1
 Sting                    Tmut/Pois      100%       1d8       1%          1
 Corona                   Hex            5%         N/A       9%          1
 Magic Dart               Conj           20%        1d4       9%          1
 Poisonous Vapours        Pois/Air       62%        N/A       1%          2
 Gell's Gravitas          Tloc           21%        N/A       1%          3
 Lesser Beckoning         Tloc           21%        N/A       1%          3
 Teleport Other           Tloc           43%        N/A       1%          3
 Portal Projectile        Hex/Tloc       48%        N/A       5%          3
 Mephitic Cloud           Conj/Pois/Air  22%        N/A       7%          3
 Searing Ray              Conj           10%        3d3       13%         2
 Slow                     Hex            5%         N/A       13%         2
 Yara's Violent Unravell  Hex/Tmut       20%        3d9       14%         5
 Iskenderun's Mystic Bla  Conj/Tloc      24%        2d7       19%         4
 Dazzling Flash           Conj/Hex       10%        N/A       26%         3
 Inner Flame              Hex/Fire       5%         N/A       26%         3
 Cause Fear               Hex            2%         N/A       63%         4
 Fulminant Prism          Conj/Hex       2%         3d6       63%         4
 Leda's Liquefaction      Hex/Erth       2%         N/A       63%         4
 Silence                  Hex/Air        2%         N/A       93%         5
 Discord                  Hex            2%         N/A       100%        8


Dungeon Overview and Level Annotations

Branches:
Dungeon (13/15)            Temple (0/1) D:4            Lair (6/6) D:9
  Swamp (1/4) Lair:2       Spider (4/4) Lair:3        Slime (0/5) Lair:5
    Orc (0/2) D:12         Vaults (0/5) D:13

Altars:
Cheibriados
Dithmenos
Gozag
Makhleb
Nemelex Xobeh
Okawaru
Ru
Sif Muna
Trog
Uskayaw
Vehumet
Wu Jian
Yredelemnul
Zin
The Shining One
Jiyva

Annotations:
D:2 Sigmund
D:4 exclusion: 2 gnolls
D:10 Death knight


Innate Abilities, Weirdness & Mutations

You are a creature of crystalline ice.
You have a powerful freezing melee attack.
Your maximum health is increased.
Your armour is entirely melded.
You are incapable of wielding weapons or throwing items.
You cannot wear most types of armour.
You are amphibious.
You can wear up to eight rings at the same time.
((Your skin changes colour to match your surroundings (Stealth+).))
((Your rubbery body absorbs attacks. (AC +1, EV +1)))
((You are camouflaged near water. (Stealth+)))
((You have tentacles for arms and can constrict up to eight enemies at once.))
Your mind is acute. (Int +2)
((Your system is resistant to poisons. (rPois)))


Message History

Press: ? - help, Q - select action, (/) - cycle Dir - look around, f - activate Space momentarily warps into an impossible shape!
You punch the will-o-the-wisp! You freeze the will-o-the-wisp.
Your transformation is almost over.
The will-o-the-wisp engulfs you.
You barely miss the will-o-the-wisp.
The will-o-the-wisp is moderately damaged.
The will-o-the-wisp misses you.
You punch the will-o-the-wisp! You freeze the will-o-the-wisp.
The will-o-the-wisp is heavily damaged.
Your shadow completely misses the will-o-the-wisp.
The will-o-the-wisp gestures.
The will-o-the-wisp conjures some foxfire! 2 foxfires come into view.
You punch the will-o-the-wisp! You freeze the will-o-the-wisp.
The will-o-the-wisp is severely damaged.
Your shadow hits the will-o-the-wisp but does no damage.
The foxfire hits you!!! The fire burns you terribly! The foxfire hits you!!
The fire burns you terribly!
You hit the will-o-the-wisp.
The will-o-the-wisp is almost destroyed.
The will-o-the-wisp engulfs you.
You completely miss the will-o-the-wisp.
The will-o-the-wisp is almost destroyed.
Your shadow hits the will-o-the-wisp but does no damage.
The will-o-the-wisp barely misses you.
You hit the will-o-the-wisp. You freeze the will-o-the-wisp.
The will-o-the-wisp is almost destroyed.
Your shadow hits the will-o-the-wisp but does no damage.
You hit the will-o-the-wisp.
The will-o-the-wisp is almost destroyed.
The will-o-the-wisp gestures.
The will-o-the-wisp conjures some foxfire! 2 foxfires come into view.
You hit the will-o-the-wisp but do no damage.
The will-o-the-wisp is almost destroyed.
The foxfire hits you!! The fire burns you terribly! The foxfire hits you!!!
The fire burns you terribly!
You die...

.♣♣...≈≈.♣♣≈..≈≈≈..≈......♣≈..♣♣§
♣♣♣≈♣≈.≈♣≈..≈.....≈♣≈..≈♣♣♣♣♣♣♣♣♣
♣♣♣♣.....≈≈≈≈≈≈.♣♣♣♣≈.♣
♣......≈≈..≈≈.♣♣♣♣..♣♣♣♣
♣♣.≈≈...≈≈≈.≈≈..♣≈.≈§≈.≈♣♣
♣♣..≈≈...≈≈..≈≈...≈.≈≈≈≈§.♣
♣♣♣≈≈≈≈≈...≈≈...≈§§♣♣.≈≈≈§≈.♣
.≈..≈≈≈≈≈≈≈≈..♣≈v§....≈§≈...♣
.≈≈..≈≈.≈≈≈≈≈...Yv....≈≈≈..♣♣
≈...≈....≈≈≈≈≈≈.♣♣♣≈.≈≈≈≈..♣♣♣
♣♣♣.≈....≈≈≈≈≈.≈♣♣♣..≈≈≈≈≈≈≈≈♣
♣≈..≈≈≈..)....♣♣♣.≈§≈≈≈≈≈≈≈.♣
♣♣.≈≈≈≈≈......♣♣♣.≈≈≈≈...≈≈>♣
♣♣♣.≈≈≈≈≈..≈..♣≈♣♣♣.≈≈......≈♣
.♣♣♣.≈≈≈...≈.≈≈≈≈♣♣.≈.≈≈≈#####
..♣♣♣≈......≈≈≈≈≈≈♣≈≈≈≈≈.# ..♣
♣♣.....♣≈≈≈≈≈≈≈≈≈.≈≈.#


You could see a will-o-the-wisp.

Vanquished Creatures
  Arachne (Spider:2)
  Gastronok (Lair:1)
  A fenstrider witch (Swamp:1)
  8 emperor scorpions
  2 ghost moths (Spider:4)
  4 entropy weavers
  2 spark wasps (Spider:3)
  2 bunyips (Swamp:1)
  3 eleionomae (Swamp:1)
  Fannar (Lair:1)
  8 hydras
  A merfolk avatar (Lair:6)
  A boulder beetle (Spider:3)
  2 catoblepae
  A centaur warrior (D:13)
  A ghost crab (Swamp:1)
  A two-headed ogre (D:12)
  5 alligators (Swamp:1)
  2 spriggan druids (Swamp:1)
  A goliath frog (Swamp:1)
  A sea snake (Lair:6)
  A deep elf archer (D:13)
  A lindwurm (Lair:5)
  2 wizards (D:13)
  3 necromancers (D:13)
  16 orb spiders
  32 wolf spiders
  3 ugly things
  4 manticores
  5 black mambas
  14 elephants
  5 moths of wrath
  Grum (D:7)
  A torpor snail (Lair:3)
  An unseen horror (D:10)
  A molten gargoyle (Lair:6)
  Maggie (Lair:1)
  A kobold demonologist (D:11)
  23 cane toads
  A gargoyle (D:13)
  9 demonic crawlers
  15 komodo dragons
  A yaktaur (shapeshifter) (D:13)
  6 rime drakes
  3 trolls
  2 wind drakes (Lair:6)
  2 bloated husks (Swamp:1)
  3 polar bears (Lair:6)
  5 hornets
  30 jumping spiders
  14 blink frogs
  2 tyrant leeches (Swamp:1)
  3 slime creatures (D:13)
  A meliai zombie (D:11)
  3 shadows
  82 redbacks
  7 wyverns
  34 yaks
  5 spriggans (Swamp:1)
  35 tarantellas
  4 basilisks
  A vampire (D:12)
  19 humans (D:13)
  3 wraiths
  Eustachio (D:4)
  3 steam dragons
  Edmund (D:5)
  7 vampire mosquitoes
  3 swamp worms (Swamp:1)
  An acid dragon (D:11)
  21 water moccasins
  Duvessa (D:6)
  A hornet zombie (D:7)
  An ice beast (D:8)
  2 orc warriors (D:8)
  5 ogres
  3 centaurs
  29 wolves
  A phantom (D:5)
  4 kobold brigands
  15 bullfrogs
  6 scorpions
  2 gnoll sergeants
  Dowan (D:6)
  A wyvern skeleton (D:7)
  15 killer bees (D:9)
  3 wights (D:7)
  4 electric eels
  2 centaur zombies
  A bullfrog zombie (D:5)
  2 hounds
  4 orc priests
  A centaur skeleton (D:7)
  2 jellies
  2 gnoll shamans
  14 iguanas
  10 orc wizards
  A hound zombie (D:5)
  A hound skeleton (D:3)
  2 howler monkey zombies
  8 gnolls
  7 adders
  13 white imps
  4 worms
  A dart slug (D:1)
  26 orcs
  8 endoplasms
  3 giant cockroaches
  7 goblins
  7 hobgoblins
  16 jackals
  5 quokkas
  8 ball pythons
  4 bats
  21 frilled lizards
  13 kobolds
  6 rats
784 creatures vanquished.

Vanquished Creatures (collateral kills)
  An acid dragon (D:10)
  2 wolves (D:8)
  An orc (D:8)
4 creatures vanquished.

Vanquished Creatures (others)
  A wolf spider (Spider:2)
  A tarantella (Spider:1)
  A human (D:13)
  7 foxfires (Swamp:1)
  40 fungi
  79 plants
129 creatures vanquished.

Grand Total: 917 creatures vanquished

Notes
Turn   | Place    | Note
-------+----------+-------------------------------------------
     0 | D:1      | ziltoidlt the Octopode Transmuter began the quest for the
                  | Orb.
     0 | D:1      | Reached XP level 1. HP: 13/13 MP: 3/3
   382 | D:1      | Reached XP level 2. HP: 5/18 MP: 3/5
   588 | D:1      | Learned a level 2 spell: Wereblood
   637 | D:1      | Reached skill level 1 in Stealth
  1226 | D:1      | Reached XP level 3. HP: 23/23 MP: 6/6
  2298 | D:2      | Found a radiant altar of Vehumet.
  2414 | D:2      | Noticed Sigmund
  2467 | D:2      | Found a faded altar of an unknown god.
  2474 | D:2      | Became a worshipper of Dithmenos the Shadowed
  2474 | D:2      | Reached * piety under Dithmenos
  3152 | D:3      | Reached XP level 4. HP: 28/28 MP: 7/7
  3157 | D:3      | Learned a level 4 spell: Ice Form
  4445 | D:4      | Reached XP level 5. HP: 33/33 MP: 6/8
  4456 | D:4      | Reached skill level 1 in Ice Magic
  4678 | D:4      | Noticed an ogre
  4691 | D:4      | Killed an ogre
  4698 | D:4      | Reached XP level 6. HP: 38/38 MP: 7/9
  4702 | D:4      | Identified the +5 dagger "Qisatiow" {pain, Contam rC+ rN++
                  | Will+}
  4797 | D:4      | Found a basalt altar of Yredelemnul.
  4808 | D:4      | Found a glowing golden altar of the Shining One.
  4881 | D:4      | Noticed Eustachio
  4910 | D:4      | Found a staircase to the Ecumenical Temple.
  4932 | D:4      | Reached ** piety under Dithmenos
  4995 | D:4      | Killed Eustachio
  4996 | D:4      | Reached skill level 5 in Unarmed Combat
  5515 | D:4      | Noticed an angel
  5524 | D:5      | Entered Level 5 of the Dungeon
  5585 | D:5      | Reached XP level 7. HP: 22/43 MP: 10/10
  6023 | D:5      | Noticed Edmund
  6029 | D:5      | Learned a level 3 spell: Spider Form
  6447 | D:5      | Reached skill level 1 in Poison Magic
  6894 | D:5      | Killed Edmund
  6895 | D:5      | Reached skill level 5 in Transmutations
  7141 | D:5      | Reached XP level 8. HP: 48/48 MP: 7/11
  8096 | D:6      | Noticed Duvessa
  8097 | D:6      | Noticed Dowan
  8153 | D:6      | Killed Duvessa
  8267 | D:6      | Reached skill level 5 in Ice Magic
  8370 | D:6      | Reached *** piety under Dithmenos
  8500 | D:6      | Killed Dowan
  9243 | D:6      | Identified the +5 scale mail of Hiuhuif {rF+ rCorr}
  9303 | D:6      | Found an ornate altar of the Wu Jian Council.
  9810 | D:7      | Reached XP level 9. HP: 38/53 MP: 9/12
 10064 | D:7      | Found a glowing silver altar of Zin.
 10067 | D:7      | Found an opulent altar of Gozag.
 10068 | D:7      | Found a sparkling altar of Nemelex Xobeh.
 10068 | D:7      | Found a burning altar of Makhleb.
 10068 | D:7      | Found a hide-covered altar of Uskayaw.
 10084 | D:7      | Found an iron altar of Okawaru.
 10480 | D:7      | Found a shimmering blue altar of Sif Muna.
 10870 | D:7      | Identified the +7 hand axe of Twilight {freeze, Str+2}
 11107 | D:8      | Noticed Grum
 11601 | D:7      | Killed Grum
 11839 | D:8      | Noticed a manticore
 11843 | D:8      | Killed a manticore
 12081 | D:8      | Reached XP level 10. HP: 63/63 MP: 8/13
 12758 | D:8      | Found a bloodstained altar of Trog.
 12760 | D:8      | Found a snail-covered altar of Cheibriados.
 12929 | D:9      | Found a sacrificial altar of Ru.
 12962 | D:9      | Reached skill level 5 in Dodging
 13340 | D:8      | Reached **** piety under Dithmenos
 13862 | D:9      | Found a staircase to the Lair.
 14056 | D:10     | Entered Level 10 of the Dungeon
 14126 | D:10     | Gained mutation: Your system is resistant to poisons.
                  | (rPois) [potion of mutation]
 14126 | D:10     | Gained mutation: Your mind is acute. (Int +2) [potion of
                  | mutation]
 14159 | D:10     | Killed an unseen horror
 14636 | D:10     | Noticed a phantasmal warrior
 14747 | Lair:1   | Entered Level 1 of the Lair of Beasts
 14811 | Lair:1   | Reached skill level 5 in Fighting
 14984 | Lair:1   | Noticed a cane toad
 14995 | Lair:1   | Killed a cane toad
 15241 | Lair:1   | Reached skill level 10 in Transmutations
 15241 | Lair:1   | Reached XP level 11. HP: 72/72 MP: 10/14
 15431 | Lair:1   | Noticed Fannar
 15448 | Lair:1   | Killed Fannar
 15713 | Lair:1   | Noticed Maggie
 15736 | Lair:1   | Killed Maggie
 16401 | Lair:1   | Reached skill level 10 in Unarmed Combat
 16574 | Lair:1   | Noticed Gastronok
 16849 | Lair:1   | Killed Gastronok
 17444 | Lair:2   | Noticed a catoblepas
 17481 | Lair:2   | Killed a catoblepas
 17482 | Lair:2   | Reached XP level 12. HP: 58/80 MP: 15/15
 17752 | Lair:2   | Noticed a five-headed hydra
 17765 | Lair:2   | Killed a five-headed hydra
 17766 | Lair:2   | Reached skill level 5 in Stealth
 18626 | Lair:2   | Found a staircase to the Swamp.
 19030 | Lair:3   | Found a hole to the Spider Nest.
 19068 | Lair:3   | Noticed an eight-headed hydra
 19071 | Lair:3   | Killed an eight-headed hydra
 19124 | Lair:3   | Noticed an eight-headed hydra
 19137 | Lair:3   | Killed an eight-headed hydra
 20498 | Lair:4   | Reached XP level 13. HP: 89/89 MP: 12/16
 20875 | Lair:4   | Reached ***** piety under Dithmenos
 22630 | Lair:4   | Reached skill level 10 in Dodging
 22912 | Lair:5   | Reached skill level 1 in Invocations
 23440 | Lair:5   | Found a staircase to the Slime Pits.
 23452 | Lair:5   | Reached skill level 1 in Shields
 23528 | Lair:5   | Found a viscous altar of Jiyva.
 23944 | Lair:6   | Entered Level 6 of the Lair of Beasts
 23989 | Lair:6   | Found a frozen archway.
 24050 | Lair:6   | Reached XP level 14. HP: 77/98 MP: 17/17
 24575 | Lair:6   | Reached ****** piety under Dithmenos
 24875 | Lair:6   | Reached skill level 10 in Fighting
 25921 | Lair:6   | Reached skill level 5 in Invocations
 28618 | D:12     | Found a staircase to the Orcish Mines.
 28645 | D:12     | Identified the +7 hunting sling of the Ancients {vorpal,
                  | rElec rC- Dex+5 Stlth+}
 28688 | D:12     | Identified the +7 great sword "Kaasmach" {vorpal, rF+}
 29161 | D:13     | Identified a scroll of acquirement
 29162 | D:13     | Acquired a Young Poisoner's Handbook
 29167 | D:13     | Learned a level 2 spell: Poisonous Vapours
 29171 | D:13     | Learned a level 3 spell: Ignite Poison
 29704 | D:13     | Found an iron altar of Okawaru.
 29846 | D:13     | Reached skill level 5 in Poison Magic
 29847 | D:13     | Reached XP level 15. HP: 98/105 MP: 8/20
 30157 | D:13     | Found a gate to the Vaults.
 30386 | D:13     | Learned a level 4 spell: Olgreb's Toxic Radiance
 31103 | Spider:1 | Entered Level 1 of the Spider Nest
 34622 | Spider:2 | Reached skill level 10 in Invocations
 34950 | Spider:2 | Reached XP level 16. HP: 110/110 MP: 18/23
 35774 | Spider:2 | Reached skill level 1 in Translocations
 35872 | Spider:2 | Noticed Arachne
 35919 | Spider:2 | Killed Arachne
 36887 | Spider:3 | Reached skill level 10 in Poison Magic
 36942 | Spider:3 | Learned a level 2 spell: Blink
 37574 | Spider:3 | Identified the +10 lajatang of Hetzun {vorpal, rN+ Dex+3}
 37728 | Spider:3 | Identified the +1 trident "Gauts" {flame, Contam rF++
                  | Int+5}
 38264 | Spider:3 | Learned a level 5 spell: Manifold Assault
 38637 | Spider:4 | Entered Level 4 of the Spider Nest
 39603 | Spider:4 | Reached skill level 5 in Translocations
 40718 | Spider:4 | Reached XP level 17. HP: 105/117 MP: 7/25
 41244 | Spider:4 | Got a gossamer rune of Zot
 41391 | Swamp:1  | Entered Level 1 of the Swamp
 42807 | Swamp:1  | Killed from afar by a will-o-the-wisp

Illustrated notes

Levels and vault maps discovered:
D:1:      enne_arrival_octagon_isle, layout_basic, minmay_tromino_mix6
D:2:      layout_basic, basic_altar, ebering_ecumenical_altar_abandoned,
          uniq_sigmund
D:3:      minmay_chambers_of_twos, layout_loops_ring, skrybe_limestone_x
D:4:      layout_basic, grunt_temple_overflow_holy_war,
          minmay_temple_entry_junction_2, nrook_campfire, uniq_eustachio
D:5:      layout_gridville, uniq_edmund
D:6:      layout_loops_ring, lemuel_coloured_pillars_altar, uniq_duvessa
D:7:      layout_basic, lemuel_tele_altar, minitemple, roderic_lattice_a,
          hangedman_glass_teeth, sigmund_army
D:8:      layout_basic, grunt_temple_overflow_open, st_stairs_11,
          minmay_manual_monolith, uniq_grum
D:9:      layout_basic, nicolae_overflow_hidden_temple, dpeg_oklobed_lair
D:10:     layout_small_grid, hangedman_abyss_or_decor_clamps,
          kennysheep_generic_room_5
D:11:     layout_stronghold
D:12:     layout_rooms, orc_0_dummy
D:13:     layout_layer_cave, grunt_vaults_entry_tiered,
          okawaru_metal_pillars_1_2
Lair:1:   layout_cave_shapes, serial_bayou_pond_e, beast_lair_carwin_11,
          uniq_maggie, uniq_fannar, uniq_gastronok
Lair:2:   layout_cave_pods, minmay_swamp_entry_eels
Lair:3:   layout_roguey, nicolae_spider_entry_non_spiders, serial_bayou_pond_b,
          grunt_forest_small_clearings, serial_bayou_shore_a
Lair:4:   lemuel_reptile_caves, layout_loops_ring
Lair:5:   layout_layer_cave, slime_altar_1
Lair:6:   gammafunk_lair_ancient_temple, layout_gridlike,
          portal_ice_cave_entry_imps
Swamp:1:  layout_basic_swamp, ebering_ghost_disaster_area,
          evilmike_swamp_ruin_rubble_1, swamp_pool1,
          nicolae_swamp_alligator_family
Spider:1: layout_spider_delve, nicolae_spider_eight_legs
Spider:2: layout_spider_delve, uniq_arachne
Spider:3: layout_chambers, nicolae_spider_nooks_and_crannies,
          hangedman_spider_tarantella_strand
Spider:4: grunt_spider_rune_circles

Skill      XL: |  1  2  3  4  5  6  7  8  9 10 11 12 13 14 15 16 17 |
---------------+----------------------------------------------------+-----
Stealth        | 1 2 4 6 7 |  7.9
Unarmed Combat | 4 5 6 8 10 11 12 13 14 | 14.9
Ice Magic      | 2 3 4 6 7 |  7.0
Transmutations | 3 4 5 7 8 10 11 12 13 | 13.9
Poison Magic   | 2 3 5 9 10 | 10.0
Dodging        | 4 6 7 9 10 11 12 14 | 14.5
Fighting       | 3 5 6 8 9 10 11 | 11.1
Invocations    | 2 7 10 11 | 11.6
Shields        | 4 |  4.0
Translocations | 6 7 |  7.3
Spellcasting   | 4 |  4.0
Slings         | |  0.3

Action                   |  1- 3 |  4- 6 |  7- 9 | 10-12 | 13-15 | 16-18 || total
-------------------------+-------+-------+-------+-------+-------+-------++-------
Melee: Unarmed           |   104 |    91 |   274 |   422 |   881 |   401 ||  2173
       Constrict         |    26 |    19 |    19 |       |     1 |       ||    65
       Kick              |    17 |    11 |    14 |       |       |       ||    42
       Tentacles         |     9 |    14 |    15 |       |     1 |       ||    39
       Punch             |       |     1 |     3 |       |       |       ||     4
       Staff             |       |       |       |       |     1 |       ||     1
 Fire: Hunting sling     |       |       |    65 |    22 |    22 |       ||   109
Throw: Stone             |     9 |    30 |     1 |    10 |    33 |       ||    83
       Dart              |       |    22 |    25 |    75 |    49 |     1 ||   172
       Throwing net      |       |       |       |       |       |     1 ||     1
 Cast: Beastly Appendage |    27 |    15 |    14 |       |       |       ||    56
       Wereblood         |     5 |     5 |     3 |     4 |    18 |     1 ||    36
       Spider Form       |       |       |    25 |     3 |    10 |       ||    38
       Ice Form          |       |       |     8 |    50 |    77 |    42 ||   177
       Poisonous Vapours |       |       |       |       |    27 |       ||    27
       Olgreb's Toxic Ra |       |       |       |       |    36 |    58 ||    94
       Ignite Poison     |       |       |       |       |       |     4 ||     4
       Manifold Assault  |       |       |       |       |       |    11 ||    11
Invok: Shadow Step       |       |       |       |       |     2 |     6 ||     8
 Abil: End Transformatio |       |       |     3 |     7 |    11 |       ||    21
Evoke: Wand              |       |       |     2 |    19 |     9 |     7 ||    37
       Tin of tremorston |       |       |       |       |     2 |       ||     2
  Use: Scroll            |       |     6 |     8 |    10 |    14 |     1 ||    39
       Potion            |       |       |     1 |     1 |     6 |     6 ||    14
 Stab: Sleeping          |     3 |     3 |     3 |     7 |    12 |    11 ||    39
       Invisible         |       |       |       |       |     2 |     9 ||    11
       Distracted        |       |       |       |       |     1 |       ||     1
       Held in net/web   |       |       |       |       |       |     1 ||     1
Armor: Skin              |     3 |     3 |    18 |   135 |   278 |   117 ||   554
Dodge: Dodged            |    57 |    60 |   194 |   266 |   916 |   361 ||  1854
Block: Buckler           |       |       |       |       |     4 |       ||     4

Table legend: (Time is in decaauts)
 A = Elapsed time spent in this place.
 B = Non-inter-level travel time spent in this place.
 C = Inter-level travel time spent in this place.
 D = Time resting spent in this place.
 E = Time spent auto-exploring this place.
 F = Levels seen in this place.
 G = Mean time per level.
                   A        B        C        D        E       F      G
               +--------+--------+--------+--------+--------+-----+--------+
         Total |  42389 |  40797 |   1592 |  13000 |  21118 |  24 | 1766.2 |
       Dungeon |  19287 |  18343 |    944 |   4471 |  11088 |  13 | 1483.6 |
          Lair |  13593 |  13146 |    447 |   3710 |   7144 |   6 | 2265.5 |
         Swamp |   1205 |   1205 |      0 |    640 |    327 |   1 | 1205.0 |
   Spider Nest |   8303 |   8103 |    200 |   4178 |   2559 |   4 | 2075.8 |
               +--------+--------+--------+--------+--------+-----+--------+

Top non-repeatable levels by time:
Spider:3: 3079 daAuts
  Lair:3: 2997 daAuts
  Lair:1: 2682 daAuts
Spider:2: 2360 daAuts
     D:7: 2254 daAuts
     D:5: 2253 daAuts
  Lair:6: 2222 daAuts
  Lair:2: 2172 daAuts
     D:1: 1984 daAuts
Spider:4: 1930 daAuts
    D:13: 1889 daAuts
  Lair:5: 1767 daAuts
  Lair:4: 1750 daAuts
     D:6: 1422 daAuts
     D:3: 1360 daAuts
